 Dungeon Crawl Stone Soup version 0.31-a0-702-gf82c85558f (webtiles) character file.

Game seed: 6289728077579096407

184129 qw the Marksgargoyle (level 18, 0/125 HPs)
             Began as a Gargoyle Hunter on Sept 7, 2023.
             Was an Elder of Okawaru.
             Slain by a wolf spider (11 damage)
             ... on level 4 of the Spider Nest.
             The game lasted 00:14:59 (24477 turns).

qw the Marksgargoyle (Gargoyle Hunter)             Turns: 24477, Time: 00:14:59

Health: 0/125      AC: 25    Str: 13 (17) XL:     18   Next: 39%
Magic:  0/34       EV: 13    Int:  8 (11) God:    Okawaru [****..]
Gold:   1142       SH:  0    Dex: 27 (30) Spells: 17/17 levels left

rFire   + + .        x - +1 longbow
rCold   . . .        (shield currently unavailable)
rNeg    + + .        w - +1 troll leather armour of a sewer {rN+ Regen+ Int-5 Stlth+}
rPois   inf          l - +0 helmet of Yfuvva {Int+3}
rElec   +            h - +0 cloak
rCorr   +            y - +0 pair of gloves of Muceri Ywne {+Inv Regen+ rCorr Stlth-}
SInv    .            r - +1 pair of boots
Will    +....        q - amulet of faith
Stlth   ++           k - +6 ring of dexterity
HPRegen 2.00/turn    d - ring of Daffodils {rF++ MP+9 Int+3 Dex+5}
MPRegen 0.24/turn

%: faith
@: about to teleport, flying, held
A: sickness immunity, AC +13, big wings, negative energy resistance 1,
electricity resistance, torment resistance 1, petrification resistance
a: Renounce Religion, Evoke Invisibility, Heroism, Finesse


You were on level 4 of the Spider Nest.
You worshipped Okawaru.
Okawaru was greatly pleased with you.
You visited 6 branches of the dungeon, and saw 30 of its levels.
You also visited: Gauntlet.

You collected 2928 gold pieces.
You spent 1786 gold pieces at shops.


Innate Abilities, Weirdness & Mutations

You are immune to sickness and miasma.
Your stone body is resilient. (AC +13)
You are immune to poison.
Your large and strong wings let you fly.
You resist negative energy. (rN+)
You are resistant to electric shocks. (rElec)
You are resistant to unholy torment.
You are immune to petrification.


   Skills:
 + Level 18.2 Fighting
 - Level 20.0 Ranged Weapons
 - Level 10.0 Armour
 - Level 14.0 Dodging
 - Level 1.1 Stealth
 - Level 10.0 Invocations


You had 17 spell levels left.
You didn't know any spells.
Your spell library was empty.

Inventory:

Hand Weapons
 a - the +6 arbalest of Instant Death {penet, rF+}
   (You acquired it on level 1 of the Dungeon)

   rF+:       It protects you from fire.
 x - a +1 longbow (weapon)
Armour
 h - a +0 cloak (worn)
 l - the +0 helmet of Yfuvva (worn) {Int+3}
   (You found it on level 8 of the Dungeon)

   Int+3:     It affects your intelligence (+3).
 n - the +2 ring mail of Omaham {Will+ Str+4}
   (You found it on level 3 of the Swamp)

   Str+4:     It affects your strength (+4).
   Will+:     It increases your willpower.
 r - a +1 pair of boots (worn)
 w - the +1 troll leather armour of a sewer (worn) {rN+ Regen+ Int-5 Stlth+}
   (You bought it in a shop on level 2 of the Orcish Mines)

   Int-5:     It affects your intelligence (-5).
   rN+:       It protects you from negative energy.
   Regen+:    It increases your rate of health regeneration.
   Stlth+:    It makes you more stealthy.
 y - the +0 pair of gloves of Muceri Ywne (worn) {+Inv Regen+ rCorr Stlth-}
   (You found it in a Gauntlet)

   +Inv:      It lets you turn invisible.
   Regen+:    It increases your rate of health regeneration.
   rCorr:     It protects you from acid and corrosion.
   Stlth-:    It makes you less stealthy.
Jewellery
 c - the amulet "Duviavo" {Regen+ Dex+2}
   (You bought it in a shop on level 2 of the Orcish Mines)

   [amulet of regeneration]

   Dex+2:     It affects your dexterity (+2).
   Regen+:    It increases your rate of health regeneration.
 d - the ring of Daffodils (right hand) {rF++ MP+9 Int+3 Dex+5}
   (You took it off a minotaur in a Gauntlet)

   [ring of magical power]

   Int+3:     It affects your intelligence (+3).
   Dex+5:     It affects your dexterity (+5).
   rF++:      It greatly protects you from fire.
   MP+9:      It affects your magic capacity (+9).
 k - a +6 ring of dexterity (left hand)
 q - an amulet of faith (around neck)
 A - the amulet of Wielautz {rF+ Will+ Regen+}
   (You found it in a Gauntlet)

   [amulet of regeneration]

   rF+:       It protects you from fire.
   Will+:     It increases your willpower.
   Regen+:    It increases your rate of health regeneration.
Scrolls
 e - 16 scrolls of identify
 s - a scroll of teleportation
Potions
 b - 8 potions of might
 f - 4 potions of mutation
 g - 6 potions of haste
 i - 6 potions of curing
 j - 2 potions of cancellation
 m - a potion of resistance
 o - 3 potions of enlightenment
 p - 3 potions of heal wounds
 u - 4 potions of magic

Dungeon Overview and Level Annotations

Branches:
Dungeon (15/15)            Temple (1/1) D:5            Lair (5/5) D:9
  Swamp (3/4) Lair:2       Spider (4/4) Lair:3        Slime (0/5) Lair:4
    Orc (2/2) D:9             Elf (0/3) Orc:2        Vaults (0/5) D:14
 Depths (0/4) D:15        Gauntlet (visited)

Altars:
Ashenzari
Cheibriados
Dithmenos
Elyvilon
Fedhas
Gozag
Hepliaklqana
Kikubaaqudgha
Makhleb
Nemelex Xobeh
Okawaru
Qazlal
Ru
Sif Muna
Trog
Uskayaw
Vehumet
Wu Jian
Xom
Yredelemnul
Zin
The Shining One
Jiyva

Shops:
D:5 ?*   D:7 (   Orc:1 *   Orc:2 =[[(

Annotations:
Swamp:3 2 runed translucent doors, Amet's ghost, journeyman MiBe


Message History

Enter note:
Enter note:
24474 |||
Found retreat position at 3,1 (trap_web) with 0 blocking monsters and 4 monsters attacking at destination at distance 3
24474 ||| Stepping ~*~*~tactically~*~*~ (retreating).
The tarantella touches you but does no damage.
You feel you are being watched by something.
The wolf spider completely misses you. x3; The wolf spider closely misses you.
You feel you are being watched by something.
Enter note:
Enter note:
Enter note:
Enter note:
24475 |||
Found retreat position at 2,1 (trap_web) with 0 blocking monsters and 4 monsters attacking at destination at distance 2
24475 ||| Stepping ~*~*~tactically~*~*~ (retreating).
The wolf spider closely misses you. The wolf spider barely misses you.
You feel you are being watched by something.
The wolf spider hits you! The wolf spider misses you.
Enter note:
Enter note:
Enter note:
Enter note:
24476 |||
Found retreat position at 1,1 (trap_web) with 0 blocking monsters and 4 monsters attacking at destination at distance 1
24476 ||| Stepping ~*~*~tactically~*~*~ (retreating).
You are caught in the web!
The wolf spider attacks as it pursues you!
The wolf spider hits you but does no damage.
The wolf spider bites you.
The wolf spider attacks as it pursues you!
The wolf spider closely misses you. The wolf spider bites you!
You feel you are being watched by something.
Something hits you but does no damage. x2
Something stings you but does no damage.
There is a web here.
24477 ||| READING 2 scrolls of teleportation.
As you read the scroll of teleportation, it crumbles to dust.
You feel strangely unstable. Something hits you. Something hits you!
Something stings you.
You feel clumsy. The wolf spider hits you!
You die...

.^..^#~.....#......#
.....#%.^...#.....^#
....^#......#~..%..#
....^..^.....^....#
..^^.......~....^#
..#.....^#....^##
#~..s.s#....^# # ##
#^...ss#^...^# # .#
#....s@#...~^#
####### .#
#~....##^.^.##
##^.##.. .#
......#~...^#.....#
#...#./. .#
.....^#^...~#.....#
#...#... .#
#^....#....^#...%^#
#....... .#
#.....#.....#^.%%##
##^.?.... .##
#.....#^....#...(#
#.<....^. ..#
#.^..^#.....#^..^#
#.......^ ..#
#.....^.....^....#
##........


You could see a demonic crawler, 3 wolf spiders and a tarantella.

Vanquished Creatures
  Arachne (Spider:4)
  A fenstrider witch (Swamp:2)
  An emperor scorpion (Spider:2)
  2 ghost moths
  A quicksilver ooze (Lair:5)
  5 broodmothers
  An eleionoma (Swamp:3)
  Azrael (D:12)
  A bunyip (Swamp:1)
  A minotaur (Gauntlet)
  A dire elephant (Lair:4)
  An ettin (D:15)
  Josephine (D:11)
  A fire dragon (D:14)
  An entropy weaver (Spider:4)
  4 vault guards (D:14)
  14 hydras
  5 jorogumos
  5 catoblepae
  26 two-headed ogres
  4 radroaches
  14 alligators
  A centaur warrior (D:14)
  5 ogre magi
  A deep troll shaman (Lair:5)
  6 boulder beetles
  A tengu warrior (D:14)
  A vampire mage (D:13)
  9 death yaks (Lair:5)
  Urug (D:13)
  4 demonic crawlers
  7 spriggans
  2 skysharks
  5 skeletal warriors
  A sun moth (Spider:2)
  A goliath frog (Swamp:2)
  5 pharaoh ants
  2 deep trolls (D:15)
  3 spriggan druids (Swamp:3)
  Lodul (D:13)
  3 swamp dragons
  5 orb spiders
  5 bog bodies
  2 wizards (D:15)
  A spectral wolf spider (Spider:1)
  Pikel (D:3)
  4 deep elf pyromancers
  2 wolf spider zombies (Spider:1)
  A will-o-the-wisp (Swamp:3)
  3 cyclopes
  17 ugly things
  3 orc sorcerers
  2 moths of wrath
  16 wolf spiders
  Joseph (D:7)
  A manticore (D:12)
  27 elephants
  Maurice (D:13)
  5 black mambas
  A torpor snail (Spider:1)
  Jeremiah (D:7)
  5 gargoyles
  6 komodo dragons
  4 rime drakes
  12 cane toads
  2 efreet (D:14)
  A yaktaur (D:12)
  A freezing wraith (D:14)
  3 tengu conjurers
  2 polar bears
  8 trolls
  2 bloated husks
  6 tyrant leeches
  5 wolf spider simulacra
  19 tarantellas
  7 hornets
  10 blink frogs
  13 dream sheep
  Sigmund (D:3)
  A centaur simulacrum (D:14)
  28 jumping spiders
  11 slime creatures
  7 shadows
  3 flying skulls (Gauntlet)
  18 culicivoras
  5 wyverns
  Eustachio (D:4)
  3 wraiths (D:11)
  45 yaks
  A fire elemental (D:12)
  4 basilisks
  9 vampire mosquitoes
  A steam dragon (Lair:3)
  31 redbacks
  3 wargs
  14 swamp worms
  An acid dragon (D:12)
  16 water moccasins
  4 hell hounds (D:12)
  11 orc warriors
  2 sky beasts
  7 black bears
  3 ice beasts
  4 boggarts (D:14)
  5 centaurs
  37 ogres
  28 wolves
  2 phantoms
  2 lemures (D:3)
  2 kobold brigands (D:9)
  13 bullfrogs
  Blork the orc (D:4)
  5 scorpions
  13 wights
  8 killer bees
  An electric eel (D:9)
  6 hounds
  5 jellies
  4 gnoll boudas
  16 orc priests
  Terence (D:2)
  19 orc wizards
  2 sleepcaps
  7 iguanas
  13 gnolls
  9 adders
  A white imp (D:7)
  3 worms
  A dart slug (D:2)
  56 orcs
  7 endoplasms
  4 giant cockroaches
  8 goblins
  4 hobgoblins
  5 jackals
  4 quokkas
  8 ball pythons
  4 bats
  3 frilled lizards (D:2)
  19 kobolds
  4 rats
920 creatures vanquished.

Vanquished Creatures (others)
  A boulder beetle (Lair:2)
  A basilisk (Lair:3)
  4 foxfires (Swamp:3)
6 creatures vanquished.

Grand Total: 926 creatures vanquished

Notes
Turn   | Place    | Note
-------+----------+-------------------------------------------
     0 | D:1      | qw the Gargoyle Hunter began the quest for the Orb.
     0 | D:1      | Reached XP level 1. HP: 12/12 MP: 1/1
     0 | D:1      | 0 ||| qw: Version: 0.3-a-76-g4403597
     0 | D:1      | 0 ||| qw: Game counter: 787
     0 | D:1      | 0 ||| qw: Melee chars always use a shield: true
     0 | D:1      | 0 ||| qw: God list: Okawaru
     0 | D:1      | 0 ||| qw: Allow faded altars: false
     0 | D:1      | 0 ||| qw: Do Orc after clearing Dungeon:15 true
     0 | D:1      | 0 ||| qw: Do second Lair branch before Depths: true
     0 | D:1      | 0 ||| qw: Lair rune preference: random
     0 | D:1      | 0 ||| qw: Goals: Normal
     0 | D:1      | 0 ||| PLANNING D:1-11
   149 | D:1      | Reached XP level 2. HP: 17/17 MP: 2/2
   637 | D:1      | 637 ||| UPGRADING to +0 cloak.
   642 | D:1      | 642 ||| READING scroll labelled XOMMADW WAMIE.
   643 | D:1      | 643 ||| READING scroll labelled XYBBAH CAAMOA.
   643 | D:1      | Identified a scroll of acquirement
   643 | D:1      | 643 ||| ACQUIRING +6 arbalest of Instant Death {penet, rF+}
   643 | D:1      | Acquired the +6 arbalest of Instant Death {penet, rF+}
   645 | D:1      | 645 ||| SWAPPING to +6 arbalest of Instant Death {penet,
                  | rF+}.
   646 | D:1      | 646 ||| DROPPING +0 shortbow.
   647 | D:1      | 647 ||| READING 3 scrolls labelled KARITO KERAHYO.
   648 | D:1      | 648 ||| DRINKING 3 pink potions.
   649 | D:1      | 649 ||| READING 2 scrolls of identify.
   649 | D:1      | 649 ||| IDENTIFYING fuming coppery potion
   650 | D:1      | 650 ||| DROPPING scroll of butterflies.
   842 | D:2      | Reached XP level 3. HP: 21/21 MP: 3/3
   941 | D:2      | Reached skill level 5 in Ranged Weapons
  1284 | D:2      | Noticed Terence
  1287 | D:2      | Reached skill level 3 in Fighting
  1288 | D:2      | Killed Terence
  1289 | D:2      | Reached XP level 4. HP: 24/28 MP: 4/4
  1565 | D:2      | 1565 ||| UPGRADING to amulet of guardian spirit.
  1570 | D:2      | 1570 ||| UPGRADING to +6 ring of dexterity.
  1571 | D:2      | 1571 ||| READING scroll labelled VYURUA MIUS.
  1572 | D:2      | 1572 ||| READING scroll labelled BEP OREFIRGHUCO.
  1573 | D:2      | 1573 ||| READING 3 scrolls of identify.
  1573 | D:2      | 1573 ||| IDENTIFYING blue potion
  1574 | D:2      | 1574 ||| READING 2 scrolls of identify.
  1574 | D:2      | 1574 ||| IDENTIFYING ruby potion
  1610 | D:3      | Noticed Sigmund
  1612 | D:3      | Noticed a scorpion
  1613 | D:3      | 1613 ||| Stepping ~*~*~tactically~*~*~ (retreating).
  1623 | D:3      | Killed Sigmund
  1624 | D:3      | Reached skill level 6 in Ranged Weapons
  1624 | D:3      | Reached XP level 5. HP: 13/32 MP: 2/5
  1624 | D:3      | Reached XP level 6. HP: 15/37 MP: 2/6
  1631 | D:3      | HP: 9/37 [scorpion (3)]
  1860 | D:3      | Found a basalt altar of Yredelemnul.
  2011 | D:3      | Found a white marble altar of Elyvilon.
  2055 | D:3      | Found a glowing golden altar of the Shining One.
  2168 | D:3      | 2168 ||| UPGRADING to +2 robe of cold resistance.
  2178 | D:3      | 2178 ||| DROPPING +0 leather armour.
  2179 | D:3      | 2179 ||| READING scroll labelled GERRIOK LYPAV.
  2192 | D:4      | Noticed Pikel
  2193 | D:4      | 2193 ||| STAIRDANCE
  2199 | D:4      | 2199 ||| STAIRDANCE
  2208 | D:4      | 2208 ||| STAIRDANCE
  2212 | D:3      | Killed Pikel
  2213 | D:3      | Reached skill level 6 in Fighting
  2213 | D:3      | Reached XP level 7. HP: 24/47 MP: 1/7
  2299 | D:4      | Noticed Eustachio
  2300 | D:4      | 2300 ||| STAIRDANCE
  2305 | D:4      | 2305 ||| STAIRDANCE
  2312 | D:3      | Reached skill level 7 in Ranged Weapons
  2312 | D:3      | Reached XP level 8. HP: 25/52 MP: 3/8
  2421 | D:4      | Killed Eustachio
  2525 | D:4      | Reached skill level 8 in Ranged Weapons
  2532 | D:4      | Reached skill level 1 in Armour
  2700 | D:4      | 2700 ||| Stepping ~*~*~tactically~*~*~ (outnumbered).
  2702 | D:4      | 2702 ||| Stepping ~*~*~tactically~*~*~ (outnumbered).
  2704 | D:4      | 2704 ||| Stepping ~*~*~tactically~*~*~ (outnumbered).
  2706 | D:4      | 2706 ||| Stepping ~*~*~tactically~*~*~ (outnumbered).
  2709 | D:4      | 2709 ||| Stepping ~*~*~tactically~*~*~ (outnumbered).
  2711 | D:4      | 2711 ||| RETREATING.
  2716 | D:4      | 2716 ||| Stepping ~*~*~tactically~*~*~ (retreating).
  2720 | D:4      | 2720 ||| Stepping ~*~*~tactically~*~*~ (retreating).
  2953 | D:4      | Noticed Blork the orc
  2955 | D:4      | Killed Blork the orc
  3016 | D:4      | Found a sacrificial altar of Ru.
  3193 | D:4      | 3193 ||| UPGRADING to +1 leather armour of cold resistance.
  3203 | D:4      | 3203 ||| DROPPING +2 robe of cold resistance.
  3204 | D:4      | 3204 ||| DROPPING +0 cloak of poison resistance.
  3205 | D:4      | 3205 ||| READING scroll labelled WAMMUI OSINLELA.
  3220 | D:5      | Entered Level 5 of the Dungeon
  3237 | D:5      | Found a staircase to the Ecumenical Temple.
  3238 | D:5      | 3238 ||| PLANNING TEMPLE
  3238 | D:5      | 3238 ||| READING 3 scrolls labelled CYUNUG MOGIFAFE.
  3239 | D:5      | 3239 ||| READING 2 scrolls of identify.
  3239 | D:5      | 3239 ||| IDENTIFYING sedimented grey potion
  3240 | D:5      | 3240 ||| DROPPING potion of ambrosia.
  3241 | D:5      | 3241 ||| DROPPING 2 scrolls of blinking.
  3255 | Temple   | Entered the Ecumenical Temple
  3256 | Temple   | 3256 ||| PLANNING D:1-11
  3266 | D:5      | Reached skill level 9 in Ranged Weapons
  3266 | D:5      | 3266 ||| FLEEEEING.
  3276 | D:5      | Reached skill level 3 in Dodging
  3413 | D:5      | Found Feoreyd's Magic Scroll Emporium.
  3420 | D:5      | 3420 ||| SHOPLISTING 3 scrolls of enchant weapon (315 gold,
                  | have 161).
  3420 | D:5      | 3420 ||| BUYING scroll of identify (28 gold).
  3420 | D:5      | Bought a scroll of identify for 28 gold pieces
  3420 | D:5      | 3420 ||| BUYING scroll of teleportation (42 gold).
  3420 | D:5      | Bought a scroll of teleportation for 42 gold pieces
  3442 | D:5      | Reached XP level 9. HP: 56/56 MP: 9/9
  3473 | D:5      | Found Veomm's General Store.
  3495 | D:5      | Reached skill level 10 in Ranged Weapons
  3522 | D:5      | 3522 ||| SHOPLISTING +1 robe of willpower (165 gold, have
                  | 114).
  3522 | D:5      | 3522 ||| SHOPLISTING +6 ring of dexterity (468 gold, have
                  | 114).
  3522 | D:5      | 3522 ||| BUYING potion of curing (39 gold).
  3522 | D:5      | Bought a potion of curing for 39 gold pieces
  3544 | D:5      | 3544 ||| DRINKING 2 fizzy ruby potions.
  3545 | D:5      | 3545 ||| READING 2 scrolls of identify.
  3545 | D:5      | 3545 ||| IDENTIFYING fizzy green potion
  3791 | D:5      | 3791 ||| DROPPING +6 ring of intelligence.
  3792 | D:5      | 3792 ||| READING scroll labelled EXZINN PUTU.
  3793 | D:5      | 3793 ||| READING 2 scrolls of identify.
  3793 | D:5      | 3793 ||| IDENTIFYING murky black potion
  3794 | D:5      | 3794 ||| DROPPING potion of lignification.
  3821 | D:6      | Noticed a hornet
  3823 | D:6      | Killed a hornet
  4298 | D:6      | Identified the +1 shortbow of the Indestructible God
                  | {heavy, rC+}
  4309 | D:6      | Reached skill level 11 in Ranged Weapons
  4482 | D:6      | 4482 ||| UPGRADING to +1 pair of boots.
  4487 | D:6      | 4487 ||| UPGRADING to amulet of reflection.
  4497 | D:6      | 4497 ||| DROPPING amulet of guardian spirit.
  4498 | D:6      | 4498 ||| READING scroll labelled FIOTRAM NEIBY.
  4499 | D:6      | 4499 ||| READING scroll labelled PADDAM CURI.
  4570 | D:7      | Noticed Jeremiah
  4575 | D:7      | Killed Jeremiah
  4719 | D:7      | Reached XP level 10. HP: 64/64 MP: 10/10
  4816 | D:7      | 4816 ||| Stepping ~*~*~tactically~*~*~ (outnumbered).
  4963 | D:7      | 4963 ||| Stepping ~*~*~tactically~*~*~ (outnumbered).
  4965 | D:7      | 4965 ||| Stepping ~*~*~tactically~*~*~ (outnumbered).
  5065 | D:7      | Found Qujum's Antique Weapon Shoppe.
  5239 | D:7      | Noticed Joseph
  5241 | D:7      | 5241 ||| FLEEEEING.
  5242 | D:7      | 5242 ||| STAIRDANCE
  5277 | D:6      | 5277 ||| UPGRADING to +0 pair of gloves.
  5282 | D:6      | 5282 ||| DRINKING 2 fuming yellow potions.
  5283 | D:6      | 5283 ||| READING 2 scrolls of identify.
  5283 | D:6      | 5283 ||| IDENTIFYING purple potion
  5284 | D:6      | 5284 ||| DROPPING potion of attraction.
  5295 | D:7      | Killed Joseph
  5296 | D:7      | Reached skill level 12 in Ranged Weapons
  5305 | D:7      | You fall into a shaft and drop 1 floor!
  5363 | D:8      | 5363 ||| RETREATING.
  5407 | D:8      | Noticed a deep elf pyromancer
  5414 | D:8      | Killed a deep elf pyromancer
  5524 | D:8      | Noticed a gargoyle
  5531 | D:8      | Killed a gargoyle
  5532 | D:8      | Reached skill level 13 in Ranged Weapons
  5717 | D:8      | HP: 13/65 [komodo dragon (13)]
  5718 | D:8      | 5718 ||| READING 4 scrolls of teleportation.
  5719 | D:8      | 5719 ||| DRINKING potion of heal wounds.
  5721 | D:8      | Reached skill level 9 in Fighting
  5721 | D:8      | Reached XP level 11. HP: 10/71 MP: 11/11
  5919 | D:8      | Found a hazy altar of Hepliaklqana.
  5919 | D:8      | Found an ornate altar of the Wu Jian Council.
  6408 | D:8      | Identified the +0 helmet of Yfuvva {Int+3}
  6489 | D:8      | 6489 ||| READING scroll of enchant armour.
  6489 | D:8      | 6489 ||| ENCHANTING +0 pair of gloves.
  6495 | D:8      | 6495 ||| RETREATING.
  6503 | D:8      | Reached skill level 14 in Ranged Weapons
  6665 | D:8      | Found a blossoming altar of Fedhas.
  6666 | D:8      | 6666 ||| RETREATING.
  6670 | D:8      | 6670 ||| RETREATING.
  6674 | D:8      | 6674 ||| RETREATING.
  6687 | D:8      | 6687 ||| Stepping ~*~*~tactically~*~*~ (retreating).
  6752 | D:8      | 6752 ||| UPGRADING to +0 helmet of Yfuvva {Int+3}.
  6757 | D:8      | 6757 ||| READING scroll labelled RIUNITR CAMME.
  6758 | D:8      | 6758 ||| READING scroll labelled RIPTOOBICISH.
  6832 | D:9      | 6832 ||| RETREATING.
  6925 | D:9      | Found a staircase to the Lair.
  6947 | D:9      | Found a radiant altar of Vehumet.
  6948 | D:9      | Found a shadowy altar of Dithmenos.
  6949 | D:9      | Found an iron altar of Okawaru.
  6950 | D:9      | 6950 ||| PLANNING OKAWARU WORSHIP
  6950 | D:9      | Found a sparkling altar of Nemelex Xobeh.
  6957 | D:9      | Became a worshipper of Warmaster Okawaru
  6958 | D:9      | 6958 ||| PLANNING D:1-11
  7087 | D:9      | 7087 ||| Stepping ~*~*~tactically~*~*~ (outnumbered).
  7196 | D:9      | Reached skill level 6 in Dodging
  7297 | D:9      | Found a staircase to the Orcish Mines.
  7448 | D:9      | 7448 ||| PLANNING LAIR
  7481 | Lair:1   | Entered Level 1 of the Lair of Beasts
  7483 | Lair:1   | 7483 ||| RETREATING.
  7489 | Lair:1   | 7489 ||| Stepping ~*~*~tactically~*~*~ (retreating).
  7497 | Lair:1   | Reached * piety under Okawaru
  7501 | Lair:1   | Reached skill level 1 in Invocations
  7514 | Lair:1   | 7514 ||| INVOKING Heroism.
  7578 | Lair:1   | 7578 ||| INVOKING Heroism.
  7579 | Lair:1   | 7579 ||| INVOKING Heroism.
  7664 | Lair:1   | 7664 ||| INVOKING Heroism.
  7669 | Lair:1   | Reached skill level 3 in Invocations
  7701 | Lair:1   | 7701 ||| RETREATING.
  7713 | Lair:1   | Reached XP level 12. HP: 77/77 MP: 14/14
  7853 | Lair:1   | 7853 ||| RETREATING.
  7861 | Lair:1   | Reached ** piety under Okawaru
  7862 | Lair:1   | Reached skill level 15 in Ranged Weapons
  8028 | Lair:1   | 8028 ||| INVOKING Heroism.
  8035 | Lair:1   | 8035 ||| Stepping ~*~*~tactically~*~*~ (retreating).
  8036 | Lair:1   | 8036 ||| Stepping ~*~*~tactically~*~*~ (retreating).
  8037 | Lair:1   | 8037 ||| Stepping ~*~*~tactically~*~*~ (retreating).
  8038 | Lair:1   | 8038 ||| Stepping ~*~*~tactically~*~*~ (retreating).
  8039 | Lair:1   | 8039 ||| Stepping ~*~*~tactically~*~*~ (retreating).
  8040 | Lair:1   | 8040 ||| Stepping ~*~*~tactically~*~*~ (retreating).
  8043 | Lair:1   | 8043 ||| RETREATING.
  8047 | Lair:1   | 8047 ||| RETREATING.
  8049 | Lair:1   | 8049 ||| Stepping ~*~*~tactically~*~*~ (retreating).
  8055 | Lair:1   | 8055 ||| FLEEEEING.
  8056 | Lair:1   | 8056 ||| FLEEEEING.
  8057 | Lair:1   | 8057 ||| FLEEEEING.
  8058 | Lair:1   | 8058 ||| FLEEEEING.
  8059 | Lair:1   | 8059 ||| FLEEEEING.
  8060 | Lair:1   | 8060 ||| FLEEEEING.
  8061 | Lair:1   | 8061 ||| FLEEEEING.
  8062 | Lair:1   | 8062 ||| FLEEEEING.
  8063 | Lair:1   | 8063 ||| FLEEEEING.
  8064 | Lair:1   | 8064 ||| FLEEEEING.
  8065 | Lair:1   | 8065 ||| FLEEEEING.
  8066 | Lair:1   | 8066 ||| FLEEEEING.
  8067 | Lair:1   | 8067 ||| FLEEEEING.
  8068 | Lair:1   | 8068 ||| FLEEEEING.
  8069 | Lair:1   | 8069 ||| FLEEEEING.
  8070 | Lair:1   | 8070 ||| FLEEEEING.
  8071 | Lair:1   | 8071 ||| FLEEEEING.
  8072 | Lair:1   | 8072 ||| FLEEEEING.
  8074 | Lair:1   | 8074 ||| FLEEEEING.
  8075 | Lair:1   | 8075 ||| FLEEEEING.
  8077 | Lair:1   | 8077 ||| FLEEEEING.
  8078 | Lair:1   | 8078 ||| FLEEEEING.
  8079 | Lair:1   | 8079 ||| FLEEEEING.
  8080 | Lair:1   | 8080 ||| FLEEEEING.
  8081 | Lair:1   | 8081 ||| FLEEEEING.
  8082 | Lair:1   | 8082 ||| FLEEEEING.
  8083 | Lair:1   | 8083 ||| FLEEEEING.
  8084 | Lair:1   | 8084 ||| FLEEEEING.
  8085 | Lair:1   | 8085 ||| FLEEEEING.
  8317 | Lair:1   | 8317 ||| UPGRADING to +0 troll leather armour.
  8327 | Lair:1   | 8327 ||| DROPPING +1 leather armour of cold resistance.
  8386 | Lair:2   | 8386 ||| RETREATING.
  8394 | Lair:2   | Reached skill level 16 in Ranged Weapons
  8403 | Lair:2   | Reached *** piety under Okawaru
  8458 | Lair:2   | 8458 ||| INVOKING Heroism.
  8663 | Lair:2   | Noticed a boulder beetle
  8664 | Lair:2   | 8664 ||| INVOKING Heroism.
  8673 | Lair:2   | 8673 ||| RETREATING.
  8677 | Lair:2   | 8677 ||| Stepping ~*~*~tactically~*~*~ (retreating).
  8677 | Lair:2   | Killed a boulder beetle
  8718 | Lair:2   | 8718 ||| FLEEEEING.
  8719 | Lair:2   | 8719 ||| FLEEEEING.
  8998 | Lair:2   | 8998 ||| Stepping ~*~*~tactically~*~*~ (retreating).
  8999 | Lair:2   | 8999 ||| INVOKING Heroism.
  9016 | Lair:2   | Found a staircase to the Swamp.
  9016 | Lair:2   | Noticed a four-headed hydra
  9016 | Lair:2   | Noticed a four-headed hydra
  9017 | Lair:2   | 9017 ||| RETREATING.
  9020 | Lair:2   | 9020 ||| INVOKING Heroism.
  9025 | Lair:2   | Killed a four-headed hydra
  9025 | Lair:2   | Received a gift from Okawaru
  9026 | Lair:2   | Reached XP level 13. HP: 51/84 MP: 13/16
  9029 | Lair:2   | Reached **** piety under Okawaru
  9291 | Lair:3   | 9291 ||| INVOKING Heroism.
  9351 | Lair:3   | 9351 ||| FLEEEEING.
  9367 | Lair:3   | 9367 ||| Stepping ~*~*~tactically~*~*~ (retreating).
  9368 | Lair:3   | 9368 ||| INVOKING Heroism.
  9379 | Lair:3   | Reached skill level 6 in Invocations
  9381 | Lair:3   | 9381 ||| Stepping ~*~*~tactically~*~*~ (retreating).
  9388 | Lair:3   | 9388 ||| INVOKING Heroism.
  9395 | Lair:3   | Reached skill level 17 in Ranged Weapons
  9580 | Lair:3   | Found a hole to the Spider Nest.
  9833 | Lair:3   | 9833 ||| DROPPING scarf of harm.
  9834 | Lair:3   | 9834 ||| UPGRADING to ring of positive energy.
  9835 | Lair:3   | 9835 ||| UPGRADING to ring of willpower.
  9837 | Lair:3   | 9837 ||| READING scroll labelled JOFE XIUSMIABU.
  9863 | Lair:4   | 9863 ||| INVOKING Heroism.
  9864 | Lair:4   | 9864 ||| STAIRDANCE
  9881 | Lair:4   | 9881 ||| INVOKING Heroism.
  9945 | Lair:4   | 9945 ||| INVOKING Heroism.
  9971 | Lair:4   | 9971 ||| INVOKING Heroism.
 10010 | Lair:4   | 10010 ||| RETREATING.
 10083 | Lair:4   | 10083 ||| INVOKING Heroism.
 10085 | Lair:4   | 10085 ||| RETREATING.
 10089 | Lair:4   | 10089 ||| Stepping ~*~*~tactically~*~*~ (retreating).
 10090 | Lair:4   | 10090 ||| Stepping ~*~*~tactically~*~*~ (retreating).
 10092 | Lair:4   | 10092 ||| Stepping ~*~*~tactically~*~*~ (retreating).
 10093 | Lair:4   | 10093 ||| Stepping ~*~*~tactically~*~*~ (retreating).
 10094 | Lair:4   | 10094 ||| Stepping ~*~*~tactically~*~*~ (retreating).
 10165 | Lair:4   | 10165 ||| INVOKING Heroism.
 10228 | Lair:4   | Noticed a dire elephant
 10229 | Lair:4   | 10229 ||| RETREATING.
 10230 | Lair:4   | Reached ***** piety under Okawaru
 10292 | Lair:4   | 10292 ||| INVOKING Heroism.
 10303 | Lair:4   | Killed a dire elephant
 10377 | Lair:4   | 10377 ||| INVOKING Heroism.
 10495 | Lair:4   | Reached skill level 9 in Invocations
 10563 | Lair:4   | Found a viscous altar of Jiyva.
 10563 | Lair:4   | Found a staircase to the Slime Pits.
 10619 | Lair:4   | Gained mutation: Your large and strong wings let you fly.
                  | [Gargoyle growth]
 10619 | Lair:4   | Reached XP level 14. HP: 90/90 MP: 20/20
 10816 | Lair:4   | 10816 ||| READING 5 scrolls of identify.
 10816 | Lair:4   | 10816 ||| IDENTIFYING sedimented puce potion
 10840 | Lair:5   | Entered Level 5 of the Lair of Beasts
 10841 | Lair:5   | 10841 ||| STAIRDANCE
 10847 | Lair:5   | 10847 ||| STAIRDANCE
 10849 | Lair:4   | 10849 ||| Stepping ~*~*~tactically~*~*~ (retreating).
 10850 | Lair:4   | 10850 ||| Stepping ~*~*~tactically~*~*~ (retreating).
 10851 | Lair:4   | 10851 ||| Stepping ~*~*~tactically~*~*~ (retreating).
 10852 | Lair:4   | 10852 ||| Stepping ~*~*~tactically~*~*~ (retreating).
 10853 | Lair:4   | 10853 ||| Stepping ~*~*~tactically~*~*~ (retreating).
 10854 | Lair:4   | 10854 ||| Stepping ~*~*~tactically~*~*~ (retreating).
 10871 | Lair:5   | 10871 ||| STAIRDANCE
 10873 | Lair:4   | 10873 ||| Stepping ~*~*~tactically~*~*~ (retreating).
 10874 | Lair:4   | 10874 ||| Stepping ~*~*~tactically~*~*~ (retreating).
 10875 | Lair:4   | 10875 ||| Stepping ~*~*~tactically~*~*~ (retreating).
 10876 | Lair:4   | 10876 ||| INVOKING Heroism.
 10879 | Lair:4   | 10879 ||| Stepping ~*~*~tactically~*~*~ (retreating).
 10880 | Lair:4   | 10880 ||| Stepping ~*~*~tactically~*~*~ (retreating).
 10881 | Lair:4   | 10881 ||| Stepping ~*~*~tactically~*~*~ (retreating).
 10882 | Lair:4   | 10882 ||| Stepping ~*~*~tactically~*~*~ (retreating).
 10888 | Lair:4   | Reached skill level 18 in Ranged Weapons
 10920 | Lair:5   | 10920 ||| STAIRDANCE
 10922 | Lair:4   | 10922 ||| Stepping ~*~*~tactically~*~*~ (retreating).
 10923 | Lair:4   | 10923 ||| Stepping ~*~*~tactically~*~*~ (retreating).
 10924 | Lair:4   | 10924 ||| Stepping ~*~*~tactically~*~*~ (retreating).
 10925 | Lair:4   | 10925 ||| Stepping ~*~*~tactically~*~*~ (retreating).
 10926 | Lair:4   | 10926 ||| Stepping ~*~*~tactically~*~*~ (retreating).
 10927 | Lair:4   | 10927 ||| Stepping ~*~*~tactically~*~*~ (retreating).
 10928 | Lair:4   | 10928 ||| Stepping ~*~*~tactically~*~*~ (retreating).
 11051 | Lair:5   | 11051 ||| RETREATING.
 11053 | Lair:5   | 11053 ||| RETREATING.
 11054 | Lair:5   | 11054 ||| INVOKING Heroism.
 11060 | Lair:5   | 11060 ||| INVOKING Finesse.
 11061 | Lair:5   | 11061 ||| Stepping ~*~*~tactically~*~*~ (retreating).
 11076 | Lair:5   | Identified the +5 chain mail of the Morning Star {rF+}
                  | (Okawaru gifted it to you on level 5 of the Lair of Beasts)
 11076 | Lair:5   | Received a gift from Okawaru
 11077 | Lair:5   | Reached skill level 12 in Fighting
 11192 | Lair:5   | 11192 ||| RETREATING.
 11199 | Lair:5   | Reached skill level 6 in Armour
 11224 | Lair:5   | 11224 ||| Stepping ~*~*~tactically~*~*~ (retreating).
 11225 | Lair:5   | 11225 ||| INVOKING Heroism.
 11226 | Lair:5   | 11226 ||| INVOKING Finesse.
 11411 | Lair:5   | 11411 ||| FLEEEEING.
 11412 | Lair:5   | 11412 ||| FLEEEEING.
 11413 | Lair:5   | 11413 ||| STAIRDANCE
 11441 | Lair:5   | 11441 ||| Stepping ~*~*~tactically~*~*~ (retreating).
 11442 | Lair:5   | 11442 ||| Stepping ~*~*~tactically~*~*~ (retreating).
 11443 | Lair:5   | 11443 ||| STAIRDANCE
 11448 | Lair:5   | 11448 ||| STAIRDANCE
 11450 | Lair:4   | 11450 ||| Stepping ~*~*~tactically~*~*~ (retreating).
 11451 | Lair:4   | 11451 ||| Stepping ~*~*~tactically~*~*~ (retreating).
 11452 | Lair:4   | 11452 ||| Stepping ~*~*~tactically~*~*~ (retreating).
 11453 | Lair:4   | 11453 ||| Stepping ~*~*~tactically~*~*~ (retreating).
 11454 | Lair:4   | 11454 ||| Stepping ~*~*~tactically~*~*~ (retreating).
 11455 | Lair:4   | 11455 ||| Stepping ~*~*~tactically~*~*~ (retreating).
 11457 | Lair:4   | 11457 ||| Stepping ~*~*~tactically~*~*~ (retreating).
 11616 | Lair:5   | Noticed a quicksilver ooze
 11617 | Lair:5   | 11617 ||| INVOKING Heroism.
 11620 | Lair:5   | Killed a quicksilver ooze
 11643 | Lair:5   | 11643 ||| RETREATING.
 11647 | Lair:5   | 11647 ||| Stepping ~*~*~tactically~*~*~ (retreating).
 11648 | Lair:5   | 11648 ||| Stepping ~*~*~tactically~*~*~ (retreating).
 11649 | Lair:5   | 11649 ||| Stepping ~*~*~tactically~*~*~ (retreating).
 11652 | Lair:5   | 11652 ||| Stepping ~*~*~tactically~*~*~ (retreating).
 11653 | Lair:5   | 11653 ||| Stepping ~*~*~tactically~*~*~ (retreating).
 11654 | Lair:5   | 11654 ||| Stepping ~*~*~tactically~*~*~ (retreating).
 11655 | Lair:5   | 11655 ||| Stepping ~*~*~tactically~*~*~ (retreating).
 11662 | Lair:5   | 11662 ||| Stepping ~*~*~tactically~*~*~ (retreating).
 11663 | Lair:5   | 11663 ||| Stepping ~*~*~tactically~*~*~ (retreating).
 11664 | Lair:5   | 11664 ||| Stepping ~*~*~tactically~*~*~ (retreating).
 11665 | Lair:5   | 11665 ||| Stepping ~*~*~tactically~*~*~ (retreating).
 11867 | Lair:5   | 11867 ||| INVOKING Heroism.
 11870 | Lair:5   | 11870 ||| INVOKING Finesse.
 12007 | Lair:5   | 12007 ||| PLANNING D:1-11
 12007 | Lair:5   | 12007 ||| DROPPING amulet of the acrobat.
 12008 | Lair:5   | 12008 ||| READING scroll labelled VIOGOAFIRA.
 12009 | Lair:5   | 12009 ||| READING 6 scrolls of identify.
 12009 | Lair:5   | 12009 ||| IDENTIFYING clear potion
 12010 | Lair:5   | 12010 ||| DROPPING potion of brilliance.
 12098 | D:10     | Entered Level 10 of the Dungeon
 12103 | D:10     | 12103 ||| INVOKING Heroism.
 12104 | D:10     | 12104 ||| INVOKING Finesse.
 12110 | D:10     | Reached skill level 9 in Dodging
 12679 | D:11     | 12679 ||| INVOKING Heroism.
 12683 | D:11     | 12683 ||| RETREATING.
 12696 | D:11     | Reached XP level 15. HP: 98/98 MP: 22/22
 12707 | D:11     | 12707 ||| INVOKING Heroism.
 12824 | D:11     | 12824 ||| Stepping ~*~*~tactically~*~*~ (outnumbered).
 12825 | D:11     | 12825 ||| Stepping ~*~*~tactically~*~*~ (outnumbered).
 12826 | D:11     | 12826 ||| Stepping ~*~*~tactically~*~*~ (outnumbered).
 12827 | D:11     | 12827 ||| Stepping ~*~*~tactically~*~*~ (outnumbered).
 12828 | D:11     | 12828 ||| Stepping ~*~*~tactically~*~*~ (outnumbered).
 12829 | D:11     | 12829 ||| Stepping ~*~*~tactically~*~*~ (outnumbered).
 12830 | D:11     | 12830 ||| Stepping ~*~*~tactically~*~*~ (outnumbered).
 12831 | D:11     | 12831 ||| Stepping ~*~*~tactically~*~*~ (outnumbered).
 12832 | D:11     | 12832 ||| Stepping ~*~*~tactically~*~*~ (outnumbered).
 12833 | D:11     | 12833 ||| Stepping ~*~*~tactically~*~*~ (outnumbered).
 12834 | D:11     | 12834 ||| Stepping ~*~*~tactically~*~*~ (outnumbered).
 12835 | D:11     | 12835 ||| Stepping ~*~*~tactically~*~*~ (outnumbered).
 12836 | D:11     | 12836 ||| Stepping ~*~*~tactically~*~*~ (outnumbered).
 12837 | D:11     | 12837 ||| Stepping ~*~*~tactically~*~*~ (outnumbered).
 12838 | D:11     | 12838 ||| Stepping ~*~*~tactically~*~*~ (outnumbered).
 12839 | D:11     | 12839 ||| Stepping ~*~*~tactically~*~*~ (outnumbered).
 12840 | D:11     | 12840 ||| Stepping ~*~*~tactically~*~*~ (outnumbered).
 12841 | D:11     | 12841 ||| Stepping ~*~*~tactically~*~*~ (outnumbered).
 12842 | D:11     | 12842 ||| Stepping ~*~*~tactically~*~*~ (outnumbered).
 12843 | D:11     | 12843 ||| Stepping ~*~*~tactically~*~*~ (outnumbered).
 12933 | D:11     | Noticed Josephine
 12942 | D:11     | Killed Josephine
 13294 | D:11     | 13294 ||| PLANNING D
 13343 | D:12     | 13343 ||| Stepping ~*~*~tactically~*~*~ (outnumbered).
 13575 | D:12     | Noticed Azrael
 13576 | D:12     | 13576 ||| RETREATING.
 13577 | D:12     | 13577 ||| INVOKING Heroism.
 13578 | D:12     | 13578 ||| INVOKING Finesse.
 13583 | D:12     | Killed Azrael
 13663 | D:12     | Received a gift from Okawaru
 14045 | D:12     | 14045 ||| UPGRADING to +2 ring mail of cold resistance.
 14115 | D:13     | Noticed Urug
 14116 | D:13     | 14116 ||| INVOKING Heroism.
 14117 | D:13     | 14117 ||| INVOKING Finesse.
 14121 | D:13     | Killed Urug
 14221 | D:13     | 14221 ||| Stepping ~*~*~tactically~*~*~ (retreating).
 14222 | D:13     | 14222 ||| Stepping ~*~*~tactically~*~*~ (retreating).
 14226 | D:13     | 14226 ||| INVOKING Heroism.
 14233 | D:13     | HP: 24/100 [something (7)]
 14234 | D:13     | 14234 ||| READING 4 scrolls of teleportation.
 14235 | D:13     | 14235 ||| DRINKING 2 potions of heal wounds.
 14245 | D:13     | 14245 ||| INVOKING Heroism.
 14543 | D:13     | Noticed Lodul
 14546 | D:13     | Killed Lodul
 14551 | D:13     | Noticed Maurice
 14552 | D:13     | 14552 ||| RETREATING.
 14561 | D:13     | Killed Maurice
 15059 | D:14     | Reached skill level 9 in Armour
 15176 | D:14     | Identified the +2 whip "Xaiplargh" {venom, Fly Will+}
 15216 | D:14     | 15216 ||| RETREATING.
 15288 | D:14     | 15288 ||| INVOKING Heroism.
 15290 | D:14     | 15290 ||| RETREATING.
 15295 | D:14     | 15295 ||| Stepping ~*~*~tactically~*~*~ (retreating).
 15302 | D:14     | 15302 ||| Stepping ~*~*~tactically~*~*~ (outnumbered).
 15317 | D:14     | Reached skill level 15 in Fighting
 15318 | D:14     | 15318 ||| INVOKING Heroism.
 15334 | D:14     | 15334 ||| FLEEEEING.
 15335 | D:14     | 15335 ||| FLEEEEING.
 15541 | D:14     | 15541 ||| INVOKING Heroism.
 15651 | D:14     | Found a gate to the Vaults.
 15717 | D:14     | 15717 ||| INVOKING Heroism.
 16117 | D:14     | 16117 ||| READING scroll labelled XODGHA HEBI.
 16176 | D:14     | 16176 ||| READING scroll labelled YKETAS XAJUISU.
 16196 | D:15     | Entered Level 15 of the Dungeon
 16197 | D:15     | 16197 ||| PLANNING GAUNTLET
 16256 | D:15     | Found a gate leading to a gauntlet.
 16259 | D:15     | 16259 ||| RETREATING.
 16260 | D:15     | 16260 ||| Stepping ~*~*~tactically~*~*~ (retreating).
 16273 | D:15     | Reached XP level 16. HP: 108/108 MP: 23/23
 16277 | D:15     | 16277 ||| Stepping ~*~*~tactically~*~*~ (retreating).
 16278 | D:15     | 16278 ||| INVOKING Heroism.
 16303 | Gauntlet | Entered a Gauntlet
 16303 | Gauntlet | Found a transporter.
 16303 | Gauntlet | Found a runed translucent gate.
 16303 | Gauntlet | Found a transporter.
 16307 | Gauntlet | Found a runed translucent gate.
 16318 | Gauntlet | Found a transporter.
 16322 | Gauntlet | Found a transporter.
 16331 | Gauntlet | Found a transporter.
 16334 | Gauntlet | Found a transporter.
 16342 | Gauntlet | Found a transporter.
 16363 | Gauntlet | Found a transporter.
 16381 | Gauntlet | Found a transporter.
 16385 | Gauntlet | Found a transporter.
 16393 | Gauntlet | Found a transporter.
 16397 | Gauntlet | Found a transporter.
 16399 | Gauntlet | Found a runed translucent gate.
 16570 | Gauntlet | Identified the +0 pair of gloves of Muceri Ywne {+Inv
                  | Regen+ rCorr Stlth-}
 16572 | Gauntlet | 16572 ||| UPGRADING to +0 pair of gloves of Muceri Ywne
                  | {+Inv Regen+ rCorr Stlth-}.
 16582 | Gauntlet | 16582 ||| DROPPING +1 pair of gloves.
 16612 | Gauntlet | 16612 ||| INVOKING Heroism.
 16655 | Gauntlet | 16655 ||| DROPPING +1 hat.
 16675 | Gauntlet | Identified the staff of Diet Blood {Contam rC+ rN+ Int+4
                  | Ice}
 16675 | Gauntlet | Identified the ring of Daffodils {rF++ MP+9 Int+3 Dex+5}
 16676 | Gauntlet | 16676 ||| INVOKING Heroism.
 16693 | Gauntlet | Identified the ring of Utoysipa {*Corrode rC+ Str+5}
 16693 | Gauntlet | Identified the amulet of Wielautz {rF+ Will+ Regen+}
 16707 | Gauntlet | 16707 ||| UPGRADING to amulet of Wielautz {rF+ Will+
                  | Regen+}.
 16717 | Gauntlet | 16717 ||| DROPPING ring of positive energy.
 16718 | Gauntlet | 16718 ||| UPGRADING to ring of Daffodils {rF++ MP+9 Int+3
                  | Dex+5}.
 16720 | Gauntlet | 16720 ||| SWAPPING to +0 longbow.
 16759 | Gauntlet | 16759 ||| DROPPING ring of fire.
 16760 | Gauntlet | 16760 ||| DROPPING ring of ice.
 16761 | Gauntlet | 16761 ||| DROPPING ring of Utoysipa {*Corrode rC+ Str+5}.
 16762 | Gauntlet | 16762 ||| DROPPING ring of willpower.
 16776 | D:15     | 16776 ||| PLANNING D
 16831 | D:15     | Identified the +4 halberd "Luacw" {elec, Will+} (Okawaru
                  | gifted it to you on level 15 of the Dungeon)
 16831 | D:15     | Received a gift from Okawaru
 16929 | D:15     | 16929 ||| INVOKING Heroism.
 16943 | D:15     | 16943 ||| INVOKING Finesse.
 16975 | D:15     | Found a staircase to the Depths.
 16981 | D:15     | 16981 ||| INVOKING Heroism.
 17028 | D:15     | 17028 ||| RETREATING.
 17033 | D:15     | 17033 ||| FLEEEEING.
 17035 | D:15     | 17035 ||| FLEEEEING.
 17037 | D:15     | 17037 ||| FLEEEEING.
 17038 | D:15     | 17038 ||| FLEEEEING.
 17039 | D:15     | 17039 ||| FLEEEEING.
 17040 | D:15     | 17040 ||| FLEEEEING.
 17043 | D:15     | 17043 ||| FLEEEEING.
 17045 | D:15     | 17045 ||| FLEEEEING.
 17046 | D:15     | 17046 ||| RETREATING.
 17048 | D:15     | 17048 ||| Stepping ~*~*~tactically~*~*~ (retreating).
 17049 | D:15     | 17049 ||| Stepping ~*~*~tactically~*~*~ (retreating).
 17050 | D:15     | 17050 ||| Stepping ~*~*~tactically~*~*~ (retreating).
 17051 | D:15     | 17051 ||| RETREATING.
 17057 | D:15     | 17057 ||| Stepping ~*~*~tactically~*~*~ (retreating).
 17058 | D:15     | 17058 ||| Stepping ~*~*~tactically~*~*~ (retreating).
 17059 | D:15     | 17059 ||| Stepping ~*~*~tactically~*~*~ (retreating).
 17063 | D:15     | 17063 ||| Stepping ~*~*~tactically~*~*~ (retreating).
 17479 | D:15     | 17479 ||| PLANNING ORC
 17620 | Orc:1    | Entered Level 1 of the Orcish Mines
 17643 | Orc:1    | 17643 ||| Stepping ~*~*~tactically~*~*~ (outnumbered).
 17655 | Orc:1    | Found Fuqoxt's General Store.
 17660 | Orc:1    | 17660 ||| Stepping ~*~*~tactically~*~*~ (outnumbered).
 17677 | Orc:1    | 17677 ||| BUYING potion of heal wounds (90 gold).
 17677 | Orc:1    | Bought a potion of heal wounds for 90 gold pieces
 17710 | Orc:1    | 17710 ||| INVOKING Heroism.
 17903 | Orc:2    | Entered Level 2 of the Orcish Mines
 18119 | Orc:2    | 18119 ||| INVOKING Heroism.
 18163 | Orc:2    | Found a staircase to the Elven Halls.
 18201 | Orc:2    | Reached skill level 19 in Ranged Weapons
 18203 | Orc:2    | 18203 ||| RETREATING.
 18207 | Orc:2    | 18207 ||| RETREATING.
 18214 | Orc:2    | 18214 ||| INVOKING Heroism.
 18219 | Orc:2    | 18219 ||| Stepping ~*~*~tactically~*~*~ (outnumbered).
 18221 | Orc:2    | 18221 ||| Stepping ~*~*~tactically~*~*~ (outnumbered).
 18267 | Orc:2    | 18267 ||| RETREATING.
 18287 | Orc:2    | 18287 ||| Stepping ~*~*~tactically~*~*~ (retreating).
 18292 | Orc:2    | 18292 ||| Stepping ~*~*~tactically~*~*~ (outnumbered).
 18302 | Orc:2    | 18302 ||| INVOKING Heroism.
 18310 | Orc:2    | 18310 ||| Stepping ~*~*~tactically~*~*~ (retreating).
 18371 | Orc:2    | Found Ruerphit's Antique Armour Shoppe.
 18372 | Orc:2    | 18372 ||| INVOKING Heroism.
 18383 | Orc:2    | Found Vyf Rerchysch's Jewellery Shop.
 18383 | Orc:2    | Found Hour's Antique Armour Shoppe.
 18383 | Orc:2    | Found Cuwkeman's Weapon Boutique.
 18399 | Orc:2    | 18399 ||| BUYING amulet "Duviavo" {Regen+ Dex+2} (659
                  | gold).
 18399 | Orc:2    | Bought the amulet "Duviavo" {Regen+ Dex+2} for 659 gold
                  | pieces
 18400 | Orc:2    | 18400 ||| BUYING runed leather armour (130 gold).
 18400 | Orc:2    | Bought a runed leather armour for 130 gold pieces
 18400 | Orc:2    | 18400 ||| BUYING runed robe (96 gold).
 18400 | Orc:2    | Bought a runed robe for 96 gold pieces
 18400 | Orc:2    | 18400 ||| BUYING scorched troll leather armour (520 gold).
 18400 | Orc:2    | Bought a scorched troll leather armour for 520 gold pieces
 18400 | Orc:2    | Identified the +1 troll leather armour of a sewer {rN+
                  | Regen+ Int-5 Stlth+} (You bought it in a shop on level 2 of
                  | the Orcish Mines)
 18400 | Orc:2    | 18400 ||| BUYING shiny ring mail (182 gold).
 18400 | Orc:2    | Bought a shiny ring mail for 182 gold pieces
 18402 | Orc:2    | 18402 ||| DROPPING +0 troll leather armour.
 18411 | Orc:2    | Reached skill level 20 in Ranged Weapons
 18425 | Orc:2    | 18425 ||| DROPPING +3 leather armour.
 18426 | Orc:2    | 18426 ||| DROPPING +2 robe of positive energy.
 18427 | Orc:2    | 18427 ||| UPGRADING to +1 troll leather armour of a sewer
                  | {rN+ Regen+ Int-5 Stlth+}.
 18437 | Orc:2    | 18437 ||| DROPPING +2 ring mail of cold resistance.
 18438 | Orc:2    | 18438 ||| DROPPING +0 ring mail of positive energy.
 18439 | Orc:2    | 18439 ||| DROPPING amulet of reflection.
 18613 | Orc:2    | 18613 ||| INVOKING Heroism.
 18844 | Orc:2    | 18844 ||| PLANNING SPIDER:1-3
 19010 | Spider:1 | Entered Level 1 of the Spider Nest
 19021 | Spider:1 | 19021 ||| RETREATING.
 19025 | Spider:1 | 19025 ||| Stepping ~*~*~tactically~*~*~ (retreating).
 19032 | Spider:1 | 19032 ||| Stepping ~*~*~tactically~*~*~ (retreating).
 19121 | Spider:1 | 19121 ||| INVOKING Heroism.
 19129 | Spider:1 | 19129 ||| Stepping ~*~*~tactically~*~*~ (retreating).
 19130 | Spider:1 | Received a gift from Okawaru
 19165 | Spider:1 | 19165 ||| Stepping ~*~*~tactically~*~*~ (outnumbered).
 19182 | Spider:1 | 19182 ||| INVOKING Finesse.
 19196 | Spider:1 | Reached XP level 17. HP: 115/115 MP: 24/24
 19314 | Spider:1 | 19314 ||| INVOKING Heroism.
 19326 | Spider:1 | 19326 ||| Stepping ~*~*~tactically~*~*~ (retreating).
 19327 | Spider:1 | 19327 ||| Stepping ~*~*~tactically~*~*~ (retreating).
 19328 | Spider:1 | 19328 ||| Stepping ~*~*~tactically~*~*~ (retreating).
 19523 | Spider:1 | 19523 ||| Stepping randomly (disturbance).
 19684 | Spider:1 | 19684 ||| INVOKING Heroism.
 19878 | Spider:1 | 19878 ||| Stepping ~*~*~tactically~*~*~ (retreating).
 19881 | Spider:1 | 19881 ||| INVOKING Heroism.
 20338 | Spider:2 | 20338 ||| RETREATING.
 20341 | Spider:2 | 20341 ||| Stepping ~*~*~tactically~*~*~ (retreating).
 20342 | Spider:2 | 20342 ||| Stepping ~*~*~tactically~*~*~ (outnumbered).
 20343 | Spider:2 | 20343 ||| RETREATING.
 20344 | Spider:2 | 20344 ||| INVOKING Heroism.
 20346 | Spider:2 | 20346 ||| Stepping ~*~*~tactically~*~*~ (retreating).
 20347 | Spider:2 | 20347 ||| Stepping ~*~*~tactically~*~*~ (retreating).
 20348 | Spider:2 | 20348 ||| Stepping ~*~*~tactically~*~*~ (retreating).
 20349 | Spider:2 | 20349 ||| Stepping ~*~*~tactically~*~*~ (retreating).
 20382 | Spider:2 | 20382 ||| DRINKING 6 potions of curing.
 20382 | Spider:2 | 20382 ||| (to cure confusion)
 20389 | Spider:2 | Reached skill level 12 in Dodging
 20389 | Spider:2 | 20389 ||| Stepping ~*~*~tactically~*~*~ (retreating).
 20390 | Spider:2 | 20390 ||| Stepping ~*~*~tactically~*~*~ (retreating).
 20391 | Spider:2 | 20391 ||| Stepping ~*~*~tactically~*~*~ (retreating).
 20413 | Spider:2 | 20413 ||| INVOKING Heroism.
 20429 | Spider:2 | 20429 ||| Stepping ~*~*~tactically~*~*~ (retreating).
 20430 | Spider:2 | 20430 ||| Stepping ~*~*~tactically~*~*~ (retreating).
 20433 | Spider:2 | 20433 ||| Stepping ~*~*~tactically~*~*~ (retreating).
 20434 | Spider:2 | 20434 ||| Stepping ~*~*~tactically~*~*~ (retreating).
 20437 | Spider:2 | 20437 ||| Stepping ~*~*~tactically~*~*~ (retreating).
 20478 | Spider:2 | 20478 ||| INVOKING Heroism.
 20479 | Spider:2 | 20479 ||| Stepping ~*~*~tactically~*~*~ (retreating).
 20482 | Spider:2 | 20482 ||| Stepping ~*~*~tactically~*~*~ (retreating).
 20483 | Spider:2 | 20483 ||| Stepping ~*~*~tactically~*~*~ (retreating).
 20484 | Spider:2 | 20484 ||| Stepping ~*~*~tactically~*~*~ (retreating).
 20486 | Spider:2 | 20486 ||| Stepping ~*~*~tactically~*~*~ (retreating).
 20487 | Spider:2 | 20487 ||| Stepping ~*~*~tactically~*~*~ (retreating).
 20488 | Spider:2 | 20488 ||| Stepping ~*~*~tactically~*~*~ (retreating).
 20489 | Spider:2 | 20489 ||| Stepping ~*~*~tactically~*~*~ (retreating).
 20490 | Spider:2 | 20490 ||| Stepping ~*~*~tactically~*~*~ (retreating).
 20491 | Spider:2 | 20491 ||| Stepping ~*~*~tactically~*~*~ (retreating).
 20492 | Spider:2 | 20492 ||| Stepping ~*~*~tactically~*~*~ (retreating).
 20493 | Spider:2 | 20493 ||| Stepping ~*~*~tactically~*~*~ (retreating).
 20497 | Spider:2 | 20497 ||| Stepping ~*~*~tactically~*~*~ (retreating).
 20610 | Spider:2 | 20610 ||| INVOKING Heroism.
 20661 | Spider:2 | 20661 ||| INVOKING Heroism.
 20662 | Spider:2 | 20662 ||| RETREATING.
 20668 | Spider:2 | 20668 ||| Stepping ~*~*~tactically~*~*~ (retreating).
 20669 | Spider:2 | 20669 ||| Stepping ~*~*~tactically~*~*~ (retreating).
 20670 | Spider:2 | 20670 ||| Stepping ~*~*~tactically~*~*~ (retreating).
 20675 | Spider:2 | 20675 ||| Stepping ~*~*~tactically~*~*~ (outnumbered).
 20676 | Spider:2 | 20676 ||| Stepping ~*~*~tactically~*~*~ (retreating).
 20677 | Spider:2 | 20677 ||| Stepping ~*~*~tactically~*~*~ (retreating).
 20678 | Spider:2 | 20678 ||| Stepping ~*~*~tactically~*~*~ (retreating).
 20679 | Spider:2 | 20679 ||| Stepping ~*~*~tactically~*~*~ (retreating).
 20680 | Spider:2 | 20680 ||| Stepping ~*~*~tactically~*~*~ (retreating).
 20681 | Spider:2 | 20681 ||| Stepping ~*~*~tactically~*~*~ (retreating).
 20682 | Spider:2 | 20682 ||| Stepping ~*~*~tactically~*~*~ (retreating).
 20683 | Spider:2 | 20683 ||| Stepping ~*~*~tactically~*~*~ (retreating).
 20684 | Spider:2 | 20684 ||| Stepping ~*~*~tactically~*~*~ (retreating).
 20685 | Spider:2 | 20685 ||| Stepping ~*~*~tactically~*~*~ (retreating).
 20686 | Spider:2 | 20686 ||| Stepping ~*~*~tactically~*~*~ (retreating).
 20687 | Spider:2 | 20687 ||| Stepping ~*~*~tactically~*~*~ (retreating).
 20692 | Spider:2 | 20692 ||| INVOKING Heroism.
 20716 | Spider:2 | 20716 ||| RETREATING.
 20739 | Spider:2 | 20739 ||| Stepping ~*~*~tactically~*~*~ (retreating).
 20819 | Spider:2 | 20819 ||| INVOKING Heroism.
 20820 | Spider:2 | 20820 ||| Stepping ~*~*~tactically~*~*~ (retreating).
 20823 | Spider:2 | 20823 ||| RETREATING.
 20836 | Spider:2 | 20836 ||| Stepping ~*~*~tactically~*~*~ (outnumbered).
 20837 | Spider:2 | 20837 ||| Stepping ~*~*~tactically~*~*~ (retreating).
 20838 | Spider:2 | 20838 ||| Stepping ~*~*~tactically~*~*~ (retreating).
 20841 | Spider:2 | 20841 ||| Stepping ~*~*~tactically~*~*~ (retreating).
 20842 | Spider:2 | 20842 ||| Stepping ~*~*~tactically~*~*~ (retreating).
 20843 | Spider:2 | 20843 ||| Stepping ~*~*~tactically~*~*~ (retreating).
 20844 | Spider:2 | 20844 ||| Stepping ~*~*~tactically~*~*~ (retreating).
 20845 | Spider:2 | 20845 ||| Stepping ~*~*~tactically~*~*~ (retreating).
 20846 | Spider:2 | 20846 ||| Stepping ~*~*~tactically~*~*~ (retreating).
 20847 | Spider:2 | 20847 ||| Stepping ~*~*~tactically~*~*~ (retreating).
 20848 | Spider:2 | 20848 ||| Stepping ~*~*~tactically~*~*~ (retreating).
 20849 | Spider:2 | 20849 ||| Stepping ~*~*~tactically~*~*~ (retreating).
 20851 | Spider:2 | 20851 ||| Stepping ~*~*~tactically~*~*~ (outnumbered).
 20852 | Spider:2 | 20852 ||| Stepping ~*~*~tactically~*~*~ (retreating).
 20853 | Spider:2 | 20853 ||| Stepping ~*~*~tactically~*~*~ (retreating).
 20854 | Spider:2 | 20854 ||| Stepping ~*~*~tactically~*~*~ (retreating).
 20855 | Spider:2 | 20855 ||| Stepping ~*~*~tactically~*~*~ (retreating).
 20856 | Spider:2 | 20856 ||| RETREATING.
 20858 | Spider:2 | 20858 ||| Stepping ~*~*~tactically~*~*~ (retreating).
 20859 | Spider:2 | 20859 ||| Stepping ~*~*~tactically~*~*~ (retreating).
 20860 | Spider:2 | 20860 ||| Stepping ~*~*~tactically~*~*~ (retreating).
 20861 | Spider:2 | 20861 ||| Stepping ~*~*~tactically~*~*~ (retreating).
 20862 | Spider:2 | 20862 ||| Stepping ~*~*~tactically~*~*~ (retreating).
 20927 | Spider:2 | 20927 ||| INVOKING Heroism.
 20928 | Spider:2 | 20928 ||| RETREATING.
 20930 | Spider:2 | 20930 ||| Stepping ~*~*~tactically~*~*~ (retreating).
 20933 | Spider:2 | 20933 ||| Stepping ~*~*~tactically~*~*~ (retreating).
 21006 | Spider:2 | 21006 ||| INVOKING Heroism.
 21063 | Spider:2 | 21063 ||| INVOKING Heroism.
 21396 | Spider:3 | 21396 ||| INVOKING Heroism.
 21746 | Spider:3 | 21746 ||| PLANNING SWAMP:1-3
 21936 | Swamp:1  | Entered Level 1 of the Swamp
 21937 | Swamp:1  | 21937 ||| RETREATING.
 21941 | Swamp:1  | 21941 ||| Stepping ~*~*~tactically~*~*~ (retreating).
 21951 | Swamp:1  | 21951 ||| INVOKING Heroism.
 22027 | Swamp:1  | You are sucked into a shaft and drop 1 floor!
 22028 | Swamp:2  | 22028 ||| RETREATING.
 22035 | Swamp:2  | 22035 ||| Stepping ~*~*~tactically~*~*~ (retreating).
 22036 | Swamp:2  | 22036 ||| Stepping ~*~*~tactically~*~*~ (retreating).
 22037 | Swamp:2  | 22037 ||| Stepping ~*~*~tactically~*~*~ (retreating).
 22038 | Swamp:2  | 22038 ||| Stepping ~*~*~tactically~*~*~ (retreating).
 22039 | Swamp:2  | 22039 ||| Stepping ~*~*~tactically~*~*~ (retreating).
 22041 | Swamp:2  | 22041 ||| Stepping ~*~*~tactically~*~*~ (retreating).
 22043 | Swamp:2  | 22043 ||| Stepping ~*~*~tactically~*~*~ (retreating).
 22044 | Swamp:2  | 22044 ||| Stepping ~*~*~tactically~*~*~ (retreating).
 22046 | Swamp:2  | 22046 ||| INVOKING Heroism.
 22303 | Swamp:1  | 22303 ||| READING scroll of enchant weapon.
 22303 | Swamp:1  | 22303 ||| ENCHANTING +0 longbow.
 22656 | Swamp:1  | 22656 ||| DRINKING 2 emerald potions.
 22734 | Swamp:2  | 22734 ||| INVOKING Heroism.
 22737 | Swamp:2  | 22737 ||| RETREATING.
 22739 | Swamp:2  | 22739 ||| Stepping ~*~*~tactically~*~*~ (retreating).
 22740 | Swamp:2  | 22740 ||| Stepping ~*~*~tactically~*~*~ (retreating).
 22741 | Swamp:2  | 22741 ||| Stepping ~*~*~tactically~*~*~ (retreating).
 22742 | Swamp:2  | 22742 ||| Stepping ~*~*~tactically~*~*~ (retreating).
 22744 | Swamp:2  | 22744 ||| Stepping ~*~*~tactically~*~*~ (retreating).
 22755 | Swamp:2  | 22755 ||| Stepping ~*~*~tactically~*~*~ (outnumbered).
 22759 | Swamp:2  | 22759 ||| Stepping ~*~*~tactically~*~*~ (outnumbered).
 22765 | Swamp:2  | 22765 ||| Stepping ~*~*~tactically~*~*~ (outnumbered).
 22775 | Swamp:2  | 22775 ||| INVOKING Heroism.
 22780 | Swamp:2  | Received a gift from Okawaru
 22781 | Swamp:2  | Reached skill level 18 in Fighting
 22782 | Swamp:2  | 22782 ||| Stepping ~*~*~tactically~*~*~ (cloud).
 23094 | Swamp:2  | 23094 ||| READING 15 scrolls of identify.
 23094 | Swamp:2  | 23094 ||| IDENTIFYING white potion
 23095 | Swamp:2  | 23095 ||| DROPPING potion of degeneration.
 23144 | Swamp:3  | Identified the +2 ring mail of Omaham {Will+ Str+4}
 23168 | Swamp:3  | 23168 ||| INVOKING Heroism.
 23171 | Swamp:3  | 23171 ||| Stepping ~*~*~tactically~*~*~ (outnumbered).
 23206 | Swamp:3  | Reached XP level 18. HP: 125/125 MP: 25/25
 23235 | Swamp:3  | 23235 ||| Stepping ~*~*~tactically~*~*~ (outnumbered).
 23237 | Swamp:3  | 23237 ||| INVOKING Heroism.
 23303 | Swamp:3  | 23303 ||| Stepping ~*~*~tactically~*~*~ (outnumbered).
 23305 | Swamp:3  | 23305 ||| Stepping ~*~*~tactically~*~*~ (outnumbered).
 23307 | Swamp:3  | 23307 ||| RETREATING.
 23313 | Swamp:3  | 23313 ||| INVOKING Heroism.
 23343 | Swamp:3  | 23343 ||| Stepping ~*~*~tactically~*~*~ (outnumbered).
 23344 | Swamp:3  | 23344 ||| FLEEEEING.
 23357 | Swamp:3  | 23357 ||| INVOKING Heroism.
 23450 | Swamp:3  | Identified the +3 long sword of the Hurtling Gods {heavy,
                  | rN+ rCorr}
 23565 | Swamp:3  | Found a large runed translucent door.
 23569 | Swamp:3  | Found a large runed translucent door.
 23570 | Swamp:3  | Noticed Amet's ghost (journeyman MiBe)
 23695 | Swamp:3  | 23695 ||| PLANNING SPIDER:4
 23695 | Swamp:3  | 23695 ||| DROPPING scarf of shadows.
 23696 | Swamp:3  | 23696 ||| UPGRADING to amulet of faith.
 23918 | Spider:4 | Entered Level 4 of the Spider Nest
 23999 | Spider:4 | 23999 ||| INVOKING Finesse.
 24006 | Spider:4 | 24006 ||| INVOKING Heroism.
 24016 | Spider:4 | 24016 ||| RETREATING.
 24025 | Spider:4 | 24025 ||| Stepping ~*~*~tactically~*~*~ (retreating).
 24026 | Spider:4 | 24026 ||| Stepping ~*~*~tactically~*~*~ (retreating).
 24027 | Spider:4 | 24027 ||| Stepping ~*~*~tactically~*~*~ (retreating).
 24028 | Spider:4 | 24028 ||| Stepping ~*~*~tactically~*~*~ (retreating).
 24092 | Spider:4 | 24092 ||| INVOKING Heroism.
 24126 | Spider:4 | Noticed Arachne
 24127 | Spider:4 | 24127 ||| Stepping ~*~*~tactically~*~*~ (outnumbered).
 24129 | Spider:4 | 24129 ||| INVOKING Heroism.
 24130 | Spider:4 | 24130 ||| Stepping ~*~*~tactically~*~*~ (retreating).
 24131 | Spider:4 | 24131 ||| Stepping ~*~*~tactically~*~*~ (retreating).
 24132 | Spider:4 | 24132 ||| Stepping ~*~*~tactically~*~*~ (retreating).
 24133 | Spider:4 | 24133 ||| Stepping ~*~*~tactically~*~*~ (retreating).
 24134 | Spider:4 | 24134 ||| Stepping ~*~*~tactically~*~*~ (retreating).
 24141 | Spider:4 | 24141 ||| Stepping ~*~*~tactically~*~*~ (retreating).
 24142 | Spider:4 | 24142 ||| Stepping ~*~*~tactically~*~*~ (retreating).
 24149 | Spider:4 | 24149 ||| Stepping ~*~*~tactically~*~*~ (outnumbered).
 24155 | Spider:4 | 24155 ||| Stepping ~*~*~tactically~*~*~ (retreating).
 24164 | Spider:4 | 24164 ||| INVOKING Heroism.
 24177 | Spider:4 | 24177 ||| Stepping ~*~*~tactically~*~*~ (retreating).
 24187 | Spider:4 | Killed Arachne
 24269 | Spider:4 | 24269 ||| RETREATING.
 24272 | Spider:4 | 24272 ||| Stepping ~*~*~tactically~*~*~ (retreating).
 24273 | Spider:4 | 24273 ||| Stepping ~*~*~tactically~*~*~ (retreating).
 24274 | Spider:4 | 24274 ||| Stepping ~*~*~tactically~*~*~ (retreating).
 24282 | Spider:4 | 24282 ||| INVOKING Heroism.
 24284 | Spider:4 | HP: 17/125 [pharaoh ant (27)]
 24285 | Spider:4 | 24285 ||| READING 3 scrolls of teleportation.
 24285 | Spider:4 | HP: 2/125 [pharaoh ant (17)]
 24286 | Spider:4 | 24286 ||| DRINKING 5 potions of heal wounds.
 24287 | Spider:4 | 24287 ||| DRINKING 4 potions of heal wounds.
 24307 | Spider:4 | 24307 ||| INVOKING Heroism.
 24423 | Spider:4 | Received a gift from Okawaru
 24462 | Spider:4 | 24462 ||| RETREATING.
 24472 | Spider:4 | 24472 ||| DRINKING 7 potions of curing.
 24472 | Spider:4 | 24472 ||| (to cure confusion)
 24473 | Spider:4 | 24473 ||| Stepping ~*~*~tactically~*~*~ (retreating).
 24474 | Spider:4 | 24474 ||| Stepping ~*~*~tactically~*~*~ (retreating).
 24475 | Spider:4 | 24475 ||| Stepping ~*~*~tactically~*~*~ (retreating).
 24476 | Spider:4 | 24476 ||| Stepping ~*~*~tactically~*~*~ (retreating).
 24476 | Spider:4 | HP: 26/125 [wolf spider (7)]
 24477 | Spider:4 | 24477 ||| READING 2 scrolls of teleportation.
 24477 | Spider:4 | HP: 11/125 [something (2)]
 24477 | Spider:4 | Slain by a wolf spider

Levels and vault maps discovered:
D:1:      wander_arrival_peaceful_grave, layout_loops_ring
D:2:      layout_loops_corners, minmay_misc_feat_alley, uniq_terence
D:3:      layout_basic, kennysheep_ying_yang, mainiacjoe_overflow_cross_hatched,
          uniq_sigmund
D:4:      layout_basic, nicolae_overflow_crystal_walls, uniq_eustachio,
          uniq_blork_the_orc, uniq_pikel
D:5:      layout_rooms, minmay_temple_entry_junction, serial_shops, shop, shop,
          serial_park_tiny_pond, corexii_checkpoint_a, dk_rats_in_the_wall
D:6:      layout_loops_cross, corexii_corridor_pit,
          minmay_misc_feat_four_crosses, st_stairs_6
D:7:      layout_layer_cave, serial_shops, shop, chequers_serial_rivers_micro_b,
          uniq_jeremiah, uniq_joseph
D:8:      layout_rooms, lemuel_round_altar, gammafunk_temple_overflow_statue,
          dilly_guarded_unrand_elemental_staff
D:9:      layout_stronghold, chequers_temple_overflow_statue_of_worship,
          erik_lair_island, orc_0_dummy, nicolae_figureground_sparkle
D:10:     layout_basic
D:11:     layout_irregular_city, uniq_josephine
D:12:     layout_cave_pods, uniq_azrael
D:13:     layout_loops_ring, nzn_life_drinkers, uniq_lodul, uniq_urug,
          uniq_maurice
D:14:     layout_grid_maze, lightli_vaults_fourway_checkpoint
D:15:     hangedman_depths_entry_civil_slaughter, layout_irregular_city,
          gauntlet_entry_generic, minmay_misc_feat_pillars, minivault_24
Temple:   grunt_temple_mini_profane
Lair:1:   layout_gridlike
Lair:2:   layout_roguey, palyth_hydra_swamp_entry, grunt_megastairs_4,
          infiniplex_staircase_pool
Lair:3:   layout_misc_corridors, nicolae_spider_entry_lesser_pyramids,
          dreamdust_gnoll_shepherd, grunt_megastairs_5
Lair:4:   layout_regular_city, dpeg_slime_entry_enclosed, st_stairs_3,
          chequers_serial_rivers_room_b, nicolae_lair_grazing_beasts
          [nicolae_sub_lair_graze_edge, nicolae_sub_lair_graze_edge,
          nicolae_sub_lair_graze_edge, nicolae_sub_lair_graze_edge]
Lair:5:   grunt_lair_end_beastmaster, layout_loops_ring,
          small_statue_intersection, minivault_23, nicolae_lair_time_for_slime
Swamp:1:  layout_basic_swamp, nicolae_swamp_little_tower
Swamp:2:  layout_falls_marsh, evilmike_swamp_ruin_rubble_2,
          infiniplex_staircase_pool_2
Swamp:3:  layout_falls_marsh, ebering_ghost_disaster_area, serial_swamp_ruin,
          evilmike_swamp_ruin_house_2, evilmike_swamp_ruin_house_3,
          hangedman_swamp_ruin_wall, swamp_pool1
Spider:1: layout_spider_delve, hangedman_spider_mandibles, drop_trap,
          nicolae_spider_undead_wolf_pack
Spider:2: layout_spider_delve, nicolae_spider_nook
Spider:3: layout_spider_delve, drop_trap
Spider:4: grunt_spider_rune_parallel, uniq_arachne
Orc:1:    layout_caves, serial_shops, shop
Orc:2:    st_orc_ogre_mass, layout_caves

Skill      XL: |  1  2  3  4  5  6  7  8  9 10 11 12 13 14 15 16 17 18 |
---------------+-------------------------------------------------------+-----
Ranged Weapons | 5 6 7 9 11 13 14 16 17 18 20 | 20.0
Fighting       | 3 6 8 9 10 11 13 15 18 | 18.2
Dodging        | 2 3 4 5 6 7 9 10 12 14 | 14.0
Armour         | 1 4 5 7 10 | 10.0
Invocations    | 3 4 9 10 | 10.0
Stealth        | |  1.1

Action                     |  1- 3 |  4- 6 |  7- 9 | 10-12 | 13-15 | 16-18 || total
---------------------------+-------+-------+-------+-------+-------+-------++-------
   Fire: Shortbow          |    46 |       |       |       |       |       ||    46
         Arbalest          |    28 |    57 |   183 |   406 |   854 |    46 ||  1574
         Longbow           |       |       |       |       |       |  1404 ||  1404
 Invoke: Heroism           |       |       |       |     8 |    27 |    40 ||    75
         Finesse           |       |       |       |       |     6 |     3 ||     9
    Use: Scroll            |     4 |     5 |     8 |     5 |     7 |     4 ||    33
         Potion            |     1 |       |     1 |     2 |     1 |     5 ||    10
 Armour: Leather armour    |     9 |    18 |    31 |    70 |       |       ||   128
         Robe              |       |     7 |    33 |       |       |       ||    40
         Troll leather arm |       |       |       |    20 |   243 |   602 ||   865
         Ring mail         |       |       |       |       |    62 |   104 ||   166
  Dodge: Dodged            |    12 |    24 |    36 |   108 |   435 |  1474 ||  2089
  Block: Other             |       |       |     1 |    33 |   115 |    10 ||   159
         Reflection        |       |       |     1 |     1 |     5 |       ||     7

Table legend:
 A = Non-vault XP
 B = Vault XP
 C = Vault XP percentage of total XP
 D = Non-vault monster count
 E = Vault monster count
 F = Vault count percentage of total count
                 A         B        C        D         E       F
            +---------+---------+-------+---------+---------+-------
      Total |  186389 |   86434 |  31.7 |     703 |     217 |  23.6
            +---------+---------+-------+---------+---------+-------
        D:1 |      27 |       0 |   0.0 |      17 |       0 |   0.0
        D:2 |      58 |      38 |  39.6 |      25 |       1 |   3.8
        D:3 |     239 |     856 |  78.2 |      16 |       2 |  11.1
        D:4 |     337 |     293 |  46.5 |      18 |       2 |  10.0
        D:5 |     827 |       5 |   0.6 |      29 |       2 |   6.5
        D:6 |    1014 |     267 |  20.8 |      18 |       2 |  10.0
        D:7 |    1080 |     877 |  44.8 |      27 |       2 |   6.9
        D:8 |    4863 |    2123 |  30.4 |      34 |       5 |  12.8
        D:9 |    1713 |     593 |  25.7 |      22 |       6 |  21.4
       D:10 |    3703 |       0 |   0.0 |      28 |       0 |   0.0
       D:11 |    6397 |    1540 |  19.4 |      16 |       4 |  20.0
       D:12 |    6929 |    1798 |  20.6 |      20 |       6 |  23.1
       D:13 |    4775 |    3497 |  42.3 |      10 |      10 |  50.0
       D:14 |    9512 |    7761 |  44.9 |      25 |      12 |  32.4
       D:15 |    8825 |    4228 |  32.4 |      16 |       6 |  27.3
     Lair:1 |    9600 |       0 |   0.0 |      33 |       0 |   0.0
     Lair:2 |    4540 |    4699 |  50.9 |      11 |      15 |  57.7
     Lair:3 |    3693 |    2798 |  43.1 |      18 |      11 |  37.9
     Lair:4 |   15769 |    4223 |  21.1 |      53 |      12 |  18.5
     Lair:5 |    9015 |   12824 |  58.7 |      23 |      32 |  58.2
    Swamp:1 |   10071 |       0 |   0.0 |      19 |       0 |   0.0
    Swamp:2 |    6810 |       0 |   0.0 |      16 |       0 |   0.0
    Swamp:3 |   16680 |       0 |   0.0 |      29 |       0 |   0.0
   Spider:1 |   17079 |    4628 |  21.3 |      36 |      10 |  21.7
   Spider:2 |   21092 |    4582 |  17.8 |      53 |      12 |  18.5
   Spider:3 |    3045 |       0 |   0.0 |       5 |       0 |   0.0
   Spider:4 |   11911 |    4518 |  27.5 |      28 |      10 |  26.3
      Orc:1 |    4036 |       0 |   0.0 |      35 |       0 |   0.0
      Orc:2 |    2749 |   20058 |  87.9 |      23 |      43 |  65.2
   Gauntlet |       0 |    4228 | 100.0 |       0 |      12 | 100.0
            +---------+---------+-------+---------+---------+-------
